 Dungeon Crawl Stone Soup version 0.27-a0-1529-g1e82c303ef (webtiles) character file.

Game seed: 4220530427827128609

22017 quinnr the Stormcaller (level 12, -2/68 HPs)
             Began as a Tengu Air Elementalist on July 11, 2021.
             Was an Elder of Vehumet.
             Killed from afar by a guardian serpent (18 damage)
             ... with a bolt of poison
             ... on level 2 of the Lair of Beasts.
             The game lasted 00:37:02 (17016 turns).

quinnr the Stormcaller (Tengu Air Elementalist)    Turns: 17016, Time: 00:37:03

Health: -2/68      AC:  5    Str: 10    XL:     12   Next: 96%
Magic:  2/24       EV: 19    Int: 19    God:    Vehumet [****..]
Gold:   709        SH:  0    Dex: 15    Spells: 15/25 levels left

rFire    + . .     SeeInvis +   e - staff of air
rCold    . . .     Faith    .   (no shield)
rNeg     . . .     Spirit   .   a - +0 robe
rPois    .         Reflect  .   (helmet restricted)
rElec    +         Harm     .   h - +1 cloak
rCorr    .         Rampage  .   F - +0 pair of gloves
Will     .....                  (boots unavailable)
Stlth    +++.......             r - amulet of magic regeneration
HPRegen  0.21/turn              g - ring of protection from fire
MPRegen  0.44/turn              H - ring of see invisible

@: lethally poisoned (-2 -> -23), flying quickly and evasively, quick
A: beak, talons 3, nimble flight
a: Renounce Religion


You were on level 2 of the Lair of Beasts.
You worshipped Vehumet.
Vehumet was greatly pleased with you.
You visited 3 branches of the dungeon, and saw 17 of its levels.

You collected 709 gold pieces.

Inventory:

Hand Weapons
 c - a +1 short sword of venom
 N - the +8 whip "Snakebite" {curare, rPois}
   (You found it on level 1 of the Lair of Beasts)

   It poisons the flesh of those it strikes.
   rPois:     It protects you from poison.
Missiles
 o - 7 javelins
 G - 7 curare-tipped darts
 I - 5 throwing nets
Armour
 a - a +0 robe (worn)
 h - a +1 cloak (worn)
 F - a +0 pair of gloves (worn)
Magical Staves
 e - a staff of air (weapon)
 k - a staff of death
 C - a staff of fire
Jewellery
 g - a ring of protection from fire (left hand)
 l - a ring of protection from fire
 p - a ring of fire
 q - a +6 ring of dexterity
 r - an amulet of magic regeneration (around neck)
 y - the ring of Mefaidui {rElec MP+9 Int+2}
   (You found it on level 7 of the Dungeon)

   [ring of magical power]

   Int:       It affects your intelligence (+2).
   rElec:     It insulates you from electricity.
   MP:        It affects your magic capacity (+9).
 H - a ring of see invisible (right hand)
 L - a ring of positive energy
 P - an amulet of faith
Wands
 w - a wand of digging (4)
 D - a wand of flame (11)
 E - a wand of mindburst (7)
Scrolls
 b - 2 scrolls of enchant armour
 f - 5 scrolls of blinking
 i - a scroll of noise
 j - a scroll of holy word {unknown}
 m - 6 scrolls of teleportation
 v - a scroll of fear
 x - 2 scrolls of magic mapping {unknown}
 J - a scroll of enchant weapon {unknown}
 K - 3 scrolls of identify
 O - a scroll of vulnerability {unknown}
Potions
 d - 4 potions of curing {unknown}
 n - 3 potions of cancellation
 s - 2 potions of haste
 t - 3 potions of heal wounds
 u - a potion of lignification
 z - 2 potions of brilliance
 A - 2 potions of flight {unknown}
 B - a potion of invisibility
 M - a potion of attraction {unknown}


   Skills:
 + Level 4.8 Fighting
 - Level 8.0 Dodging
 - Level 4.0 Stealth
 + Level 7.4 Spellcasting
 + Level 3.7 Conjurations
 - Level 19.8 Air Magic
 - Level 5.0 Evocations


You had 15 spell levels left.
You knew the following spells:

 Your Spells              Type           Power      Damage    Failure   Level
a - Shock                 Conj/Air       100%       1d9       1%          1
b - Airstrike             Air            44%        N/A       1%          4
c - Lightning Bolt        Conj/Air       33%        1d51      1%          5

Your spell library contained the following spells:

 Spells                   Type           Power      Damage    Failure   Level
 Swiftness                Air            89%        N/A       0%          3
 Static Discharge         Conj/Air       67%        N/A       1%          2
 Beastly Appendage        Tmut           14%        N/A       10%         1
 Wereblood                Tmut           7%         N/A       14%         2
 Ozocubu's Armour         Ice            7%         N/A       28%         3
 Spider Form              Tmut/Pois      3%         N/A       28%         3
 Summon Guardian Golem    Hex/Summ       7%         N/A       28%         3
 Orb of Destruction       Conj           10%        9d5       98%         7
 Ozocubu's Refrigeration  Ice            3%         4d5       100%        7
 Spellforged Servitor     Conj/Summ      7%         N/A       100%        7


Dungeon Overview and Level Annotations

Branches:
Dungeon (14/15)            Temple (1/1) D:7            Lair (2/6) D:9
  Snake (0/4) Lair:2
  Swamp: Lair:2-4    Shoals: Lair:2-4       Orc: D:9-12      Vaults: D:13-14

Altars:
Ashenzari
Cheibriados
Dithmenos
Elyvilon
Fedhas
Gozag
Hepliaklqana
Kikubaaqudgha
Makhleb
Nemelex Xobeh
Okawaru
Qazlal
Ru
Sif Muna
Trog
Uskayaw
Vehumet
Wu Jian
Xom
Yredelemnul
Zin
The Shining One

Annotations:
D:6 2 transporters
D:14 Nessos


Innate Abilities, Weirdness & Mutations

You have a beak for a mouth.
You have claws for feet.
Your magical nature lets you fly swiftly and evasively.


Message History

Aiming: Lightning Bolt (dangerous; 1% risk of failure)
Press: ? - help, Shift-Dir - straight line, f/p - guardian serpent
Aim: a guardian serpent (heavily wounded, 47% to hit)
You feel a surge of power!
You hear a mighty clap of thunder!
The bolt of lightning misses the guardian serpent.
The guardian serpent closely misses you.
Unknown command.
Casting: Lightning Bolt (dangerous; 1% risk of failure)
Confirm with . or Enter, or press ? or * to list all spells.
Aiming: Lightning Bolt (dangerous; 1% risk of failure)
Press: ? - help, Shift-Dir - straight line, f/p - guardian serpent
Aim: a guardian serpent (heavily wounded, 47% to hit)
You feel a surge of power!
You hear a mighty clap of thunder!
The bolt of lightning misses the guardian serpent.
The guardian serpent misses you. The guardian serpent hits you!!
Unknown command.
Casting: Lightning Bolt (dangerous; 1% risk of failure)
Confirm with . or Enter, or press ? or * to list all spells.
Aiming: Lightning Bolt (dangerous; 1% risk of failure)
Press: ? - help, Shift-Dir - straight line, f/p - guardian serpent
Aim: a guardian serpent (heavily wounded, 47% to hit)
You feel a surge of power!
You hear a mighty clap of thunder!
The bolt of lightning misses the guardian serpent.
The guardian serpent casts a spell at you.
The bolt of poison hits you!
You are poisoned.
Unknown command.
Unknown command.
Unknown command.
You feel very sick.
You feel very sick. The guardian serpent hits you!
* * * LOW HITPOINT WARNING * * *
The guardian serpent coils itself and waves its upper body at you.
The bolt of poison hits you!!
You are lethally poisoned!
You die...

...<.#......P###.......#
.....#.....#####...#...
.............#........
.P#...............# .##
.##....#...(.P...###..##
.##..............#....P#
.#P.........#...#...>..#
.##.#........#^..S....##
............#...@...###
..P................##
...................#
..#...P..........###
......#.....#.....##
......#...........P##
#..P..#.............##
##...).........###...#
##.(....#.#....# #...##


You could see a guardian serpent.

Vanquished Creatures
  Harold (D:9)
  2 hydras
  A boulder beetle (D:10)
  A centaur warrior (D:14)
  A two-headed ogre (D:9)
  Pikel (D:5)
  4 black mambas (Lair:1)
  A kobold demonologist (D:11)
  2 cane toads (Lair:1)
  An unseen horror (D:11)
  5 komodo dragons
  3 meliai (D:14)
  A polar bear (Lair:1)
  2 trolls (D:10)
  A hornet (D:8)
  A slime creature (D:14)
  4 blink frogs (Lair:2)
  A vampire (D:11)
  A shadow (D:6)
  11 yaks
  2 basilisks
  3 wraiths
  2 wyverns (D:9)
  7 vampire mosquitoes
  Menkaure (D:4)
  2 steam dragons
  3 acid dragons
  Edmund (D:5)
  14 water moccasins
  4 orc warriors
  2 sky beasts (D:5)
  2 ice beasts (D:8)
  A black bear (D:6)
  A hornet zombie (D:4)
  2 necrophages
  9 centaurs
  3 ogres
  A phantom (D:4)
  A lemure (D:5)
  A kobold brigand (D:10)
  3 bullfrogs
  2 gnoll sergeants
  2 scorpions
  3 killer bees (D:8)
  8 wights
  4 howler monkeys
  2 bullfrog zombies (D:7)
  7 centaur zombies
  A human zombie (D:7)
  4 hounds
  A gnoll shaman (D:7)
  3 orc priests
  A centaur skeleton (D:5)
  6 iguanas
  Ijyb (D:5)
  5 orc wizards
  2 killer bee zombies (D:7)
  A hound skeleton (D:4)
  2 mummies (D:7)
  Robin (D:4)
  2 howler monkey zombies (D:10)
  11 gnolls
  6 adders
  A shadow imp (D:6)
  A white imp (D:6)
  2 adder skeletons (D:4)
  2 worms (D:3)
  A dart slug (D:2)
  28 orcs
  5 ball pythons
  10 endoplasms
  3 giant cockroaches
  13 goblins
  6 hobgoblins
  8 jackals (D:1)
  11 kobolds
  4 quokkas
  3 bats
  5 frilled lizards
  2 rats
290 creatures vanquished.

Vanquished Creatures (others)
  A wizard (D:7)
  8 fungi
  41 plants
50 creatures vanquished.

Grand Total: 340 creatures vanquished

Notes
Turn   | Place    | Note
-------+----------+-------------------------------------------
     0 | D:1      | quinnr the Tengu Air Elementalist began the quest for the
                  | Orb.
     0 | D:1      | Reached XP level 1. HP: 10/10 MP: 4/4
   320 | D:1      | Reached XP level 2. HP: 15/15 MP: 1/6
   386 | D:1      | Reached skill level 5 in Air Magic
   696 | D:1      | Reached XP level 3. HP: 19/19 MP: 0/7
  1516 | D:2      | Found a faded altar of an unknown god.
  1611 | D:2      | Reached skill level 6 in Air Magic
  2160 | D:3      | Reached XP level 4. HP: 24/24 MP: 4/8
  2422 | D:3      | Learned a level 4 spell: Airstrike
  2480 | D:3      | Reached skill level 7 in Air Magic
  3017 | D:4      | Identified a scroll of acquirement
  3017 | D:4      | Acquired a staff of air
  3039 | D:4      | Gained mutation: Your magical nature lets you fly swiftly
                  | and evasively. [Tengu growth]
  3039 | D:4      | Reached XP level 5. HP: 28/28 MP: 5/9
  3119 | D:4      | Noticed Robin
  3442 | D:4      | Noticed Menkaure
  3445 | D:4      | Killed Menkaure
  3446 | D:4      | Reached skill level 8 in Air Magic
  3446 | D:4      | Reached XP level 6. HP: 32/32 MP: 0/10
  3584 | D:4      | Killed Robin
  3710 | D:4      | Reached skill level 9 in Air Magic
  3969 | D:4      | Reached skill level 1 in Fighting
  3969 | D:4      | Reached XP level 7. HP: 32/38 MP: 6/11
  4633 | D:5      | Entered Level 5 of the Dungeon
  4705 | D:5      | Identified the +3 ring mail of the Fisher {rC- Int+6}
  4819 | D:5      | Noticed Pikel
  4828 | D:5      | Killed Pikel
  4829 | D:5      | Reached skill level 11 in Air Magic
  4829 | D:5      | Reached XP level 8. HP: 44/44 MP: 0/12
  4947 | D:5      | Reached skill level 12 in Air Magic
  5357 | D:5      | Noticed Ijyb
  5387 | D:5      | Killed Ijyb
  5433 | D:5      | Noticed Edmund
  5435 | D:5      | Killed Edmund
  5436 | D:5      | Reached skill level 13 in Air Magic
  5763 | D:6      | Reached XP level 9. HP: 48/48 MP: 7/14
  5937 | D:6      | Found a transporter.
  6207 | D:6      | Found a transporter.
  6415 | D:6      | Reached skill level 5 in Spellcasting
  6416 | D:6      | Reached skill level 14 in Air Magic
  6535 | D:6      | Found a burning altar of Makhleb.
  6539 | D:6      | Found a stormy altar of Qazlal.
  6539 | D:6      | Found an opulent altar of Gozag.
  6543 | D:6      | Found an ancient bone altar of Kikubaaqudgha.
  6970 | D:7      | Found a staircase to the Ecumenical Temple.
  6986 | Temple   | Entered the Ecumenical Temple
  7226 | Temple   | Became a worshipper of Vehumet
  7358 | D:7      | Identified the ring of Mefaidui {rElec MP+9 Int+2}
  7526 | D:7      | Found a basalt altar of Yredelemnul.
  7685 | D:7      | Found a broken altar of Ashenzari.
  7712 | D:7      | Found a bloodstained altar of Trog.
  7715 | D:7      | Noticed a wizard
  7721 | D:7      | Killed a wizard
  7817 | D:7      | Found an iron altar of Okawaru.
  8138 | D:7      | Reached skill level 15 in Air Magic
  8288 | D:7      | Reached skill level 5 in Dodging
  8288 | D:7      | Reached XP level 10. HP: 53/53 MP: 9/18
  8733 | D:8      | Reached * piety under Vehumet
  8733 | D:8      | Offered knowledge of Freeze by Vehumet.
  9839 | D:9      | Noticed a two-headed ogre
  9843 | D:9      | Killed a two-headed ogre
 10067 | D:9      | Found a snail-covered altar of Cheibriados.
 10273 | D:9      | Noticed Harold
 10397 | D:9      | Found a staircase to the Lair.
 10404 | D:9      | Reached skill level 16 in Air Magic
 10556 | D:9      | Killed Harold
 10557 | D:9      | Reached XP level 11. HP: 61/61 MP: 1/22
 10691 | D:10     | Entered Level 10 of the Dungeon
 10696 | D:10     | Offered knowledge of Poisonous Vapours by Vehumet.
 10697 | D:10     | Reached ** piety under Vehumet
 10790 | D:10     | Noticed a boulder beetle
 10823 | D:10     | Killed a boulder beetle
 11199 | D:10     | Reached skill level 17 in Air Magic
 12014 | D:11     | You are sucked into a shaft and drop 3 floors!
 12017 | D:14     | Noticed a vault guard
 12018 | D:14     | Noticed a vault guard
 12018 | D:14     | Noticed a deep elf knight
 12019 | D:14     | Noticed a deep elf pyromancer
 12021 | D:14     | Noticed a centaur warrior
 12034 | D:14     | Killed a centaur warrior
 12035 | D:14     | Reached skill level 1 in Evocations
 12195 | D:14     | Offered knowledge of Mephitic Cloud by Vehumet.
 12505 | D:14     | Noticed a four-headed hydra
 12527 | D:14     | Noticed Nessos
 12530 | D:14     | Killed a four-headed hydra
 12904 | D:12     | Reached *** piety under Vehumet
 12908 | D:12     | Reached XP level 12. HP: 32/66 MP: 2/23
 12970 | D:12     | Reached skill level 5 in Evocations
 13120 | D:12     | Reached skill level 18 in Air Magic
 13383 | D:11     | Offered knowledge of Dazzling Flash by Vehumet.
 14349 | Lair:1   | Entered Level 1 of the Lair of Beasts
 14411 | Lair:1   | Reached skill level 19 in Air Magic
 14975 | Lair:1   | Reached **** piety under Vehumet
 15367 | Lair:1   | Found the +8 whip "Snakebite" {curare, rPois}
 15596 | Lair:1   | Offered knowledge of Lightning Bolt by Vehumet.
 15649 | Lair:1   | Learned a level 5 spell: Lightning Bolt
 16083 | Lair:1   | Noticed a six-headed hydra
 16098 | Lair:1   | Killed a six-headed hydra
 16461 | Lair:2   | quinnr: ??noise
 16461 | Lair:2   | beem: scroll of noise[1/1]: Makes a lot of noise (25).
                  | There is generally little use for these, but they are
                  | louder than a shout. No longer breaks {mesmerise} status as
                  | of 0.19.
 16461 | Lair:2   | quinnr: ??a bit loud
 16461 | Lair:2   | beem: I don't have a page labeled a_bit_loud in my learndb.
 17008 | Lair:2   | Found a staircase to the Snake Pit.
 17016 | Lair:2   | Killed from afar by a guardian serpent

Illustrated notes

Levels and vault maps discovered:
D:1:      dpeg_arrival_solitude, layout_loops_corners
D:2:      layout_rooms, basic_ecumenical_altar, grunt_ministairs_10
D:3:      layout_rooms
D:4:      layout_gridville, uniq_menkaure, uniq_robin
D:5:      layout_gridville, uniq_edmund, uniq_ijyb, uniq_pikel
D:6:      gammafunk_cloud_chamber, layout_rooms, grunt_temple_overflow_open,
          minivault_1, st_stairs_8, kennysheep_generic_room_2
D:7:      layout_loops_cross, mainiacjoe_overflow_alcove_2, ashenzari_altar_1,
          lemuel_mausoleum_altar_yredelemnul, trog_wizard,
          minmay_temple_entry_hall
D:8:      layout_basic, minmay_lizard_king
D:9:      layout_basic, lemuel_round_altar, david_lair_shrubbed, uniq_harold
D:10:     layout_irregular_city
D:11:     layout_stronghold
D:12:     layout_long_grid, orc_0_dummy, lightli_fourway_metalbox,
          uniq_gastronok
D:13:     layout_loops_ring, lemuel_flamethrower_2
D:14:     layout_basic, grunt_vaults_entry_fortified, enter_bailey_5,
          serial_park_tiny_2, special_room [special_room_orc],
          minmay_crystal_box, uniq_nessos, uniq_rupert
Temple:   nicolae_temple_figure_eight
Lair:1:   minmay_guarded_unrand_snakebite, layout_loops_ring,
          hibernation_bobbens, lemuel_fruit_tree, grunt_megastairs_4
Lair:2:   layout_misc_corridors, minmay_snake_entry_spellcaster, st_stairs_6

Skill      XL: |  1  2  3  4  5  6  7  8  9 10 11 12 |
---------------+-------------------------------------+-----
Air Magic      | 5 6 7 8 9 11 13 15 16 17 19 | 19.8
Fighting       | 1 2 4 |  4.8
Dodging        | 3 5 7 8 |  8.0
Spellcasting   | 3 5 7 |  7.4
Evocations     | 4 5 |  5.0
Stealth        | 4 |  4.0
Conjurations   | 3 |  3.7

Action                   |  1- 3 |  4- 6 |  7- 9 | 10-12 || total
-------------------------+-------+-------+-------+-------++-------
Melee: Short sword       |     8 |     6 |     2 |       ||    16
       Kick              |       |     2 |       |    50 ||    52
       Peck              |       |     1 |     1 |    35 ||    37
       Staff             |       |     5 |     2 |    97 ||   104
 Cast: Shock             |    75 |    66 |   101 |   188 ||   430
       Airstrike         |       |     7 |    77 |   271 ||   355
       Lightning Bolt    |       |       |       |     7 ||     7
Evoke: Wand              |       |       |       |     4 ||     4
  Use: Scroll            |       |     5 |     4 |     7 ||    16
       Potion            |       |     1 |       |       ||     1
Armor: Robe              |     5 |     6 |    17 |    30 ||    58
Dodge: Dodged            |    10 |     9 |    34 |   150 ||   203

Table legend: (Time is in decaauts)
 A = Elapsed time spent in this place.
 B = Non-inter-level travel time spent in this place.
 C = Inter-level travel time spent in this place.
 D = Time resting spent in this place.
 E = Time spent auto-exploring this place.
 F = Levels seen in this place.
 G = Mean time per level.
                   A        B        C        D        E       F      G
               +--------+--------+--------+--------+--------+-----+--------+
         Total |  16302 |  15574 |    728 |   2571 |  10774 |  17 |  958.9 |
       Dungeon |  13633 |  13034 |    599 |   2375 |   8711 |  14 |  973.8 |
        Temple |    251 |    193 |     58 |      0 |    191 |   1 |  251.0 |
          Lair |   2417 |   2347 |     70 |    196 |   1871 |   2 | 1208.5 |
               +--------+--------+--------+--------+--------+-----+--------+

Top non-repeatable levels by time:
  Lair:1: 1922 daAuts
     D:1: 1425 daAuts
     D:9: 1408 daAuts
     D:4: 1326 daAuts
     D:7: 1231 daAuts
     D:8: 1161 daAuts
    D:11: 1156 daAuts
     D:3: 1075 daAuts
     D:5: 1059 daAuts
     D:6: 986 daAuts
    D:10: 946 daAuts
     D:2: 732 daAuts
    D:13: 500 daAuts
  Lair:2: 494 daAuts
    D:12: 323 daAuts
